TOP OF THE 1ST |
St Charles Sheens batting - Pitching for Vista Panthers : LHP Andrew Caine
|
Pitching: LHP Andrew Caine
|
|
Batting: RHB Miguel Palácios
|
0-0: Ball 1-0: Called Strike 1-1: Ground out 5-3 (Groundball, 56S)
|
Batting: RHB Jesús Hernández
|
0-0: Ball 1-0: Swinging Strike 1-1: SINGLE (Flyball, 78S)
|
Batting: RHB Shawn Gutiérrez
|
0-0: Swinging Strike 0-1: Ball Jesús Hernández steals 2nd base 1-1: Swinging Strike 1-2: Strikes out swinging
|
Batting: RHB Ramón Molina
|
0-0: Called Strike 0-1: Ball 1-1: Swinging Strike 1-2: Ball 2-2: Fly out, F8 (Flyball, 8RS)
|
Top of the 1st over - 0 runs, 1 hit, 0 errors, 1 left on base; St Charles 0 - Vista 0 |
BOTTOM OF THE 1ST |
Vista Panthers batting - Pitching for St Charles Sheens : RHP Bill Chase
|
Pitching: RHP Bill Chase
|
|
Batting: RHB Stephen Wilson
|
0-0: Foul Ball, location: 2F 0-1: SINGLE (Groundball, 6MS) (infield hit)
|
Batting: RHB Jake Reeves
|
0-0: Ball 1-0: Ball 2-0: Reached on error, E4 (Groundball, 4S) Stephen Wilson to second
|
Batting: LHB Dante Owens
|
0-0: Ball 1-0: Foul Ball, location: 2F 1-1: Foul Ball, location: 2F 1-2: DOUBLE (Line Drive, 9LM) Stephen Wilson scores Jake Reeves to third
|
Batting: LHB Noriaki Sangi
|
0-0: Ball 1-0: Ground out 5-3 (Groundball, 56) Jake Reeves scores
|
Batting: RHB Luis Ríos
|
0-0: Swinging Strike 0-1: SINGLE (Popup, 5D) Dante Owens to third Runner from 3rd tries for Home, SAFE, no throw
|
Batting: RHB Phil Matthews
|
0-0: Ball 1-0: Foul Ball, location: 2F 1-1: Foul Ball, location: 2F 1-2: Foul Ball, location: 2F 1-2: Foul Ball, location: 2F 1-2: Ball Throwing error on steal attempt, E2 Luis Ríos to third 2-2: SINGLE (Groundball, 6MD) Luis Ríos scores
|
Batting: LHB Francisco Medina
|
0-0: Called Strike 0-1: Called Strike 0-2: Ball 1-2: Ball 2-2: Ground out 4-3 (Groundball, 34) Phil Matthews to second
|
Batting: LHB Ramiro Martínez
|
0-0: Ball 1-0: Foul Ball, location: 2F 1-1: TRIPLE (Flyball, 7LD) Phil Matthews scores
|
Batting: RHB Gustavo Torres
|
0-0: Called Strike 0-1: Foul Ball, location: 2F 0-2: Ball 1-2: Strikes out looking
|
Bottom of the 1st over - 5 runs, 5 hits, 2 errors, 1 left on base; St Charles 0 - Vista 5 |
TOP OF THE 2ND |
St Charles Sheens batting - Pitching for Vista Panthers : LHP Andrew Caine
|
Batting: RHB Víctor Arredondo
|
0-0: Called Strike 0-1: Ball 1-1: Ground out 4-3 (Groundball, 4)
|
Batting: RHB Glen MacDonald
|
0-0: Ball 1-0: Called Strike 1-1: Ball 2-1: Swinging Strike 2-2: Foul Ball, location: 2F 2-2: Ball 3-2: Base on Balls
|
Batting: RHB Lorenzo González
|
0-0: Called Strike 0-1: Foul Ball, location: 2F 0-2: Ball 1-2: Strikes out looking
|
Batting: LHB Larry Howard
|
0-0: Ball 1-0: Swinging Strike 1-1: Foul Ball, location: 2F 1-2: Strikes out swinging
|
Top of the 2nd over - 0 runs, 0 hits, 0 errors, 1 left on base; St Charles 0 - Vista 5 |
BOTTOM OF THE 2ND |
Vista Panthers batting - Pitching for St Charles Sheens : RHP Bill Chase
|
Batting: RHB Stephen Wilson
|
0-0: Called Strike 0-1: Swinging Strike 0-2: Strikes out swinging
|
Batting: RHB Jake Reeves
|
0-0: Ball 1-0: Ball 2-0: Foul Ball, location: 2F 2-1: SINGLE (Flyball, 78S)
|
Batting: LHB Dante Owens
|
0-0: Called Strike 0-1: Foul Ball, location: 2F 0-2: Foul Ball, location: 2F 0-2: Fly out, F8 (Flyball, 8LM)
|
Batting: LHB Noriaki Sangi
|
0-0: Ball 1-0: Foul Ball, location: 2F 1-1: Called Strike 1-2: Ball 2-2: SINGLE (Groundball, 6MD) Jake Reeves to second Runner from 2nd tries for 3rd, SAFE, no throw
|
Batting: RHB Luis Ríos
|
0-0: Ball 1-0: Ball 2-0: Ball 3-0: Base on Balls Noriaki Sangi to second
|
Batting: RHB Phil Matthews
|
0-0: Called Strike 0-1: SINGLE (Line Drive, 4M) Jake Reeves scores Noriaki Sangi to third Luis Ríos to second
|
Batting: LHB Francisco Medina
|
0-0: Ball 1-0: Ball 2-0: Called Strike 2-1: Foul Ball, location: 2F 2-2: Ball 3-2: Base on Balls Noriaki Sangi scores Luis Ríos to third Phil Matthews to second
|
Batting: LHB Ramiro Martínez
|
0-0: Ball 1-0: Ball 2-0: Ball 3-0: Called Strike 3-1: SINGLE (Line Drive, 6) (infield hit) Luis Ríos scores Phil Matthews to third Francisco Medina to second
|
Batting: RHB Gustavo Torres
|
0-0: Ball 1-0: Ball 2-0: Called Strike 2-1: Foul Ball, location: 2F 2-2: Fly out, F8 (Flyball, 8RS)
|
Bottom of the 2nd over - 3 runs, 4 hits, 0 errors, 3 left on base; St Charles 0 - Vista 8 |
TOP OF THE 3RD |
St Charles Sheens batting - Pitching for Vista Panthers : LHP Andrew Caine
|
Batting: RHB Salvador Rodríguez
|
0-0: Called Strike 0-1: Foul Ball, location: 2F 0-2: Ball 1-2: Strikes out looking
|
Batting: RHB Miguel Palácios
|
0-0: Swinging Strike 0-1: Ball 1-1: Ball 2-1: Called Strike 2-2: Ball 3-2: Foul Ball, location: 2F 3-2: Base on Balls
|
Batting: RHB Jesús Hernández
|
0-0: Swinging Strike 0-1: SINGLE (Groundball, 6D) Miguel Palácios to second
|
Batting: RHB Shawn Gutiérrez
|
0-0: Called Strike 0-1: Ball 1-1: DOUBLE (Flyball, 8LXD) Miguel Palácios scores Jesús Hernández to third Runner from 3rd tries for Home, SAFE, no throw
|
Batting: RHB Ramón Molina
|
0-0: SINGLE (Flyball, 9S) Shawn Gutiérrez to third
|
Batting: RHB Víctor Arredondo
|
0-0: Ball 1-0: Ball 2-0: Called Strike 2-1: Ball 3-1: Swinging Strike 3-2: Fly out, F1 (Line Drive, 13)
|
Batting: RHB Glen MacDonald
|
0-0: Ball 1-0: Foul Ball, location: 2F 1-1: Swinging Strike 1-2: Ball 2-2: Ball 3-2: Base on Balls Ramón Molina to second
|
Batting: RHB Lorenzo González
|
0-0: Ball Passed Ball! Shawn Gutiérrez scores Ramón Molina to third Glen MacDonald to second 1-0: Foul Ball, location: 2F 1-1: SINGLE (Line Drive, 9LS) Ramón Molina scores Glen MacDonald to third
|
Batting: LHB Larry Howard
|
0-0: Foul Ball, location: 2F 0-1: Ground out 6-3 (Groundball, 56)
|
Top of the 3rd over - 4 runs, 4 hits, 0 errors, 2 left on base; St Charles 4 - Vista 8 |
BOTTOM OF THE 3RD |
Vista Panthers batting - Pitching for St Charles Sheens : RHP Bill Chase
|
Batting: RHB Stephen Wilson
|
0-0: Ball 1-0: Ball 2-0: Ball 3-0: Base on Balls
|
Batting: RHB Jake Reeves
|
0-0: Called Strike 0-1: Swinging Strike 0-2: Foul Ball, location: 2F 0-2: Strikes out swinging
|
Batting: LHB Dante Owens
|
0-0: Called Strike 0-1: Ball 1-1: Ball 2-1: Foul Ball, location: 2F 2-2: Fielders Choice at 2nd, 1-6 (Groundball, P)
|
Batting: LHB Noriaki Sangi
|
0-0: Fly out, F5 (Popup, 6S)
|
Bottom of the 3rd over - 0 runs, 0 hits, 0 errors, 1 left on base; St Charles 4 - Vista 8 |
TOP OF THE 4TH |
St Charles Sheens batting - Pitching for Vista Panthers : LHP Andrew Caine
|
Batting: RHB Salvador Rodríguez
|
0-0: Ball 1-0: Foul Ball, location: 2F 1-1: Fly out, F8 (Flyball, 8LS)
|
Batting: RHB Miguel Palácios
|
0-0: Ball 1-0: Foul Ball, location: 2F 1-1: Foul Ball, location: 2F 1-2: Foul Ball, location: 2F 1-2: Foul Ball, location: 2F 1-2: Ball 2-2: Foul Ball, location: 2F 2-2: Ball 3-2: Ground out U3 (Groundball, 34S)
|
Batting: RHB Jesús Hernández
|
0-0: Ball 1-0: Ball 2-0: Ball 3-0: Called Strike 3-1: Base on Balls
|
Batting: RHB Shawn Gutiérrez
|
0-0: Ball 1-0: Ball Jesús Hernández is caught stealing 2nd base
|
Top of the 4th over - 0 runs, 0 hits, 0 errors, 0 left on base; St Charles 4 - Vista 8 |
BOTTOM OF THE 4TH |
Vista Panthers batting - Pitching for St Charles Sheens : RHP Bill Chase
|
Batting: RHB Luis Ríos
|
0-0: Foul Ball, location: 2F 0-1: Ball 1-1: Fly out, F8 (Flyball, 78M)
|
Batting: RHB Phil Matthews
|
0-0: Ground out 6-3 (Groundball, 6)
|
Batting: LHB Francisco Medina
|
0-0: Ball 1-0: Ground out 4-3 (Groundball, 4M)
|
Bottom of the 4th over - 0 runs, 0 hits, 0 errors, 0 left on base; St Charles 4 - Vista 8 |
TOP OF THE 5TH |
St Charles Sheens batting - Pitching for Vista Panthers : LHP Andrew Caine
|
Batting: RHB Shawn Gutiérrez
|
0-0: Ball 1-0: Ball 2-0: Foul Ball, location: 2F 2-1: Foul Ball, location: 2F 2-2: Ball 3-2: SINGLE (Flyball, 34D)
|
Batting: RHB Ramón Molina
|
0-0: Ball 1-0: Called Strike 1-1: Foul Ball, location: 2F 1-2: Ball 2-2: Strikes out looking
|
Batting: RHB Víctor Arredondo
|
0-0: Foul Ball, location: 2F 0-1: Ground out 3-1 (Groundball, 34S) Shawn Gutiérrez to second
|
Batting: RHB Glen MacDonald
|
0-0: Ball 1-0: Ball 2-0: Ball 3-0: Called Strike 3-1: Swinging Strike 3-2: Strikes out swinging
|
Top of the 5th over - 0 runs, 1 hit, 0 errors, 1 left on base; St Charles 4 - Vista 8 |
BOTTOM OF THE 5TH |
Vista Panthers batting - Pitching for St Charles Sheens : RHP Bill Chase
|
Pitching: LHP Scott Davis
|
|
Batting: LHB Ramiro Martínez
|
0-0: Fly out, F9 (Flyball, 89M)
|
Batting: RHB Gustavo Torres
|
0-0: Foul Ball, location: 2F 0-1: Ball 1-1: Ball 2-1: Foul Ball, location: 2F 2-2: Strikes out swinging
|
Batting: RHB Stephen Wilson
|
0-0: Foul Ball, location: 2F 0-1: Swinging Strike 0-2: SOLO HOME RUN (Flyball, 9LD), Distance : 324 ft
|
Batting: RHB Jake Reeves
|
0-0: Called Strike 0-1: Ball 1-1: Ball 2-1: Ground out 6-3 (Groundball, 6S)
|
Bottom of the 5th over - 1 run, 1 hit, 0 errors, 0 left on base; St Charles 4 - Vista 9 |
TOP OF THE 6TH |
St Charles Sheens batting - Pitching for Vista Panthers : LHP Andrew Caine
|
Pitching: RHP Craig Lewis
|
|
Batting: RHB Lorenzo González
|
0-0: Called Strike 0-1: Foul Ball, location: 2F 0-2: Ball 1-2: Strikes out looking
|
Batting: LHB Larry Howard
|
0-0: Called Strike 0-1: Called Strike 0-2: Ball 1-2: Ball 2-2: Strikes out swinging
|
Batting: RHB Salvador Rodríguez
|
0-0: Called Strike 0-1: Swinging Strike 0-2: Ball 1-2: Ball 2-2: Strikes out swinging
|
Top of the 6th over - 0 runs, 0 hits, 0 errors, 0 left on base; St Charles 4 - Vista 9 |
BOTTOM OF THE 6TH |
Vista Panthers batting - Pitching for St Charles Sheens : LHP Scott Davis
|
Batting: LHB Dante Owens
|
0-0: Ball 1-0: SOLO HOME RUN (Flyball, 9D), Distance : 447 ft
|
Batting: LHB Noriaki Sangi
|
0-0: Ball 1-0: Foul Ball, location: 2F 1-1: Ball 2-1: Ball 3-1: Base on Balls
|
Batting: RHB Luis Ríos
|
0-0: Foul Ball, location: 2F 0-1: Grounds into double play, 6-4-3 (Groundball, 6)
|
Batting: RHB Phil Matthews
|
0-0: Called Strike 0-1: Foul Ball, location: 2F 0-2: Ball 1-2: Ball 2-2: Ball 3-2: Base on Balls
|
Batting: LHB Francisco Medina
|
0-0: Called Strike 0-1: Foul Ball, location: 2F 0-2: Ball 1-2: Ground out 1-3 (Groundball, P)
|
Bottom of the 6th over - 1 run, 1 hit, 0 errors, 1 left on base; St Charles 4 - Vista 10 |
TOP OF THE 7TH |
St Charles Sheens batting - Pitching for Vista Panthers : RHP Craig Lewis
|
Batting: RHB Miguel Palácios
|
0-0: Ball 1-0: Fly out, F8 (Flyball, 8RXD)
|
Batting: RHB Jesús Hernández
|
0-0: Fly out, F6 (Line Drive, 6)
|
Batting: RHB Shawn Gutiérrez
|
0-0: Swinging Strike 0-1: Ball 1-1: Foul Ball, location: 2F 1-2: Strikes out swinging
|
Top of the 7th over - 0 runs, 0 hits, 0 errors, 0 left on base; St Charles 4 - Vista 10 |
BOTTOM OF THE 7TH |
Vista Panthers batting - Pitching for St Charles Sheens : LHP Scott Davis
|
Batting: LHB Ramiro Martínez
|
0-0: Called Strike 0-1: Ball 1-1: Foul Ball, location: 2F 1-2: Ball 2-2: Strikes out swinging, 2-3 out at first.
|
Batting: RHB Gustavo Torres
|
0-0: Swinging Strike 0-1: Foul Ball, location: 2F 0-2: Ball 1-2: Foul Ball, location: 2F 1-2: Strikes out swinging
|
Batting: RHB Stephen Wilson
|
0-0: Ball 1-0: Ball 2-0: Ball 3-0: Called Strike 3-1: Foul Ball, location: 2F 3-2: Base on Balls
|
Batting: RHB Jake Reeves
|
0-0: Called Strike 0-1: SINGLE (Groundball, 6D) Stephen Wilson to second
|
Batting: LHB Dante Owens
|
0-0: SINGLE (Line Drive, 9S) Stephen Wilson to third Jake Reeves to second Runner from 3rd tries for Home, SAFE, no throw
|
Batting: LHB Noriaki Sangi
|
0-0: Called Strike 0-1: Foul Ball, location: 2F 0-2: Fielders Choice at 2nd, 6-4 (Groundball, 6)
|
Bottom of the 7th over - 1 run, 2 hits, 0 errors, 2 left on base; St Charles 4 - Vista 11 |
TOP OF THE 8TH |
St Charles Sheens batting - Pitching for Vista Panthers : RHP Craig Lewis
|
Batting: RHB Ramón Molina
|
0-0: Ball 1-0: Ball 2-0: Called Strike 2-1: Ball 3-1: Base on Balls
|
Batting: RHB Víctor Arredondo
|
0-0: Called Strike 0-1: Foul Ball, location: 2F 0-2: Strikes out swinging
|
Batting: RHB Glen MacDonald
|
0-0: Called Strike 0-1: Foul Ball, location: 2F 0-2: Foul Ball, location: 2F 0-2: Ball 1-2: Strikes out swinging
|
Batting: RHB Lorenzo González
|
0-0: Ball 1-0: Ball 2-0: Swinging Strike 2-1: Ball 3-1: Swinging Strike 3-2: Foul Ball, location: 2F 3-2: Strikes out looking
|
Top of the 8th over - 0 runs, 0 hits, 0 errors, 1 left on base; St Charles 4 - Vista 11 |
BOTTOM OF THE 8TH |
Vista Panthers batting - Pitching for St Charles Sheens : LHP Scott Davis
|
Pitching: RHP Ricardo Montero
|
|
Batting: RHB Luis Ríos
|
0-0: Foul Ball, location: 2F 0-1: Ball 1-1: Ground out U3 (Groundball, 34S)
|
Batting: RHB Phil Matthews
|
0-0: Ball 1-0: Called Strike 1-1: Ball 2-1: Ball 3-1: Foul Ball, location: 2F 3-2: Foul Ball, location: 2F 3-2: Ground out 1-3 (Groundball, 13S)
|
Batting: LHB Francisco Medina
|
0-0: Called Strike 0-1: Foul Ball, location: 2F 0-2: Strikes out swinging
|
Bottom of the 8th over - 0 runs, 0 hits, 0 errors, 0 left on base; St Charles 4 - Vista 11 |
TOP OF THE 9TH |
St Charles Sheens batting - Pitching for Vista Panthers : RHP Craig Lewis
|
Batting: LHB Larry Howard
|
0-0: Foul Ball, location: 2F 0-1: Ball 1-1: Swinging Strike 1-2: Foul Ball, location: 2F 1-2: Ball 2-2: Ball 3-2: Foul Ball, location: 2F 3-2: Foul Ball, location: 2F 3-2: Foul Ball, location: 2F 3-2: Hit by Pitch
|
Batting: RHB Salvador Rodríguez
|
0-0: TRIPLE (Flyball, 9D) Larry Howard scores
|
Batting: RHB Miguel Palácios
|
0-0: Ball 1-0: Ground out 6-3 (Groundball, 6) Salvador Rodríguez scores
|
Batting: RHB Jesús Hernández
|
0-0: Called Strike 0-1: Called Strike 0-2: Foul Ball, location: 2F 0-2: Foul Ball, location: 2F 0-2: Ball 1-2: Ball 2-2: Ground out 6-3 (Groundball, 6)
|
Batting: RHB Shawn Gutiérrez
|
0-0: SINGLE (Line Drive, 4MD)
|
Pitching: RHP Jorge Oliva
|
|
Batting: RHB Ramón Molina
|
0-0: Ball 1-0: Ball 2-0: Ball 3-0: Base on Balls Shawn Gutiérrez to second
|
Batting: RHB Víctor Arredondo
|
0-0: Ball 1-0: Ball 2-0: Ball 3-0: Fly out, F8 (Flyball, 8LD)
|
Top of the 9th over - 2 runs, 2 hits, 0 errors, 2 left on base; St Charles 6 - Vista 11 |
|